 Dungeon Crawl Stone Soup version 0.27-a0-789-g6bb3289e1e (webtiles) character file.

Game seed: 6138304574696632752

732 Lanoc the Shooter (level 7, -2/66 HPs)
             Began as a Gargoyle Arcane Marksman on Mar 26, 2021.
             Was an Initiate of Fedhas.
             Slain by a wraith (5 damage)
             ... on level 5 of the Dungeon.
             The game lasted 00:05:12 (4621 turns).

Lanoc the Shooter (Gargoyle Arcane Marksman)        Turns: 4621, Time: 00:05:13

Health: -2/66      AC:  6    Str: 13 (14) XL:     7   Next: 73%
Magic:  8/8        EV: 16    Int: 12 (13) God:    Fedhas [......]
Gold:   177        SH:  0    Dex: 11 (12) Spells: 7/8 levels left

rFire    + . .     SeeInvis .   (no weapon)
rCold    + . .     Faith    .   (no shield)
rNeg     + . .     Spirit   .   e - +0 robe
rPois    ∞         Reflect  .   (no helmet)
rElec    +         Harm     .   (no cloak)
rCorr    +         Rampage  .   (no gloves)
Will     .....                  (no boots)
Stlth    ..........             (no amulet)
HPRegen  0.21/turn              o - +4 ring of evasion
MPRegen  0.11/turn              (no ring)

@: berserking (expiring), resistant, very slightly contaminated, slowed,
invisible
A: AC +4, negative energy resistance 1, electricity resistance, torment
resistance 1, unbreathing 1, petrification resistance
a: Renounce Religion


You were on level 5 of the Dungeon.
You worshipped Fedhas.
Fedhas was noncommittal.
You visited 2 branches of the dungeon, and saw 6 of its levels.

You collected 177 gold pieces.

Inventory:

Hand Weapons
 a - a +0 shortbow
Missiles
 d - 106 arrows
Armour
 e - a +0 robe (worn)
Jewellery
 o - a +4 ring of evasion (right hand)
Wands
 p - a wand of paralysis (10)
 t - a wand of polymorph (8)
Scrolls
 c - 3 scrolls of identify {unknown}
 f - 5 scrolls of teleportation {unknown}
 h - 7 scrolls of enchant armour {unknown}
 i - a scroll of noise {unknown}
 s - a scroll of magic mapping {unknown}
Potions
 l - a potion of brilliance {unknown}
 m - a potion of might {unknown}
 n - a potion of curing {unknown}
 q - a potion of flight {unknown}
 r - 2 potions of haste {unknown}


   Skills:
 + Level 4.4 Fighting
 * Level 6.1 Bows
 + Level 3.6 Dodging
 - Level 1.0 Spellcasting
 - Level 2.6 Hexes
 + Level 1.3 Invocations


You had 7 spell levels left.
You knew the following spells:

 Your Spells              Type           Power      Damage    Failure   Level
a - Corona                Hex            7%         N/A       10%         1

Your spell library contained the following spells:

 Spells                   Type           Power      Damage    Failure   Level
 Slow                     Hex            7%         N/A       16%         2
 Animate Skeleton         Necr           0%         N/A       30%         1
 Apportation              Tloc           0%         N/A       30%         1
 Summon Small Mammal      Summ           0%         N/A       30%         1
 Inner Flame              Hex/Fire       3%         N/A       45%         3
 Portal Projectile        Hex/Tloc       6%         N/A       45%         3
 Cause Fear               Hex            3%         N/A       69%         4
 Leda's Liquefaction      Hex/Erth       1%         N/A       86%         4


Dungeon Overview and Level Annotations

Branches:
Dungeon (5/15)             Temple (1/1) D:4

Altars:
Cheibriados
Fedhas
Hepliaklqana
Kikubaaqudgha
Okawaru
Sif Muna
Trog
Uskayaw
Vehumet
Wu Jian
Zin


Innate Abilities, Weirdness & Mutations

Your stone body is resilient. (AC +4)
You are immune to poison.
You resist negative energy. (rN+)
You are resistant to electric shocks. (rElec)
You are resistant to unholy torment.
You can survive without breathing.
You are immune to petrification.


Message History

The wraith is moderately damaged.
The wraith hits you! The wraith drains your vigour!
You feel as though you will be slow longer.
The wraith misses you. The wraith barely misses you.
It was a potion of resistance.
You feel protected. The wraith closely misses you. The wraith misses you.
It was a potion of invisibility.
You fade into invisibility!
The wraith hits you!
* * * LOW HITPOINT WARNING * * *
The wraith drains your vigour!
You feel as though you will be slow longer.
You are very lightly contaminated with residual magic.
It was a potion of degeneration.
There was something very wrong with that liquid.
You feel weakened.
You feel dopey.
You feel clumsy. The wraith completely misses you. The wraith misses you.
It was a potion of berserk rage.
A red film seems to cover your vision as you go berserk!
You feel yourself moving faster!
You feel mighty! The wraith misses you.
You are now empty-handed.
You feel a strong urge to attack something.
The wraith hits you!
* * * LOW HITPOINT WARNING * * *
The wraith drains your vigour!
You feel as though you will be slow longer.
You closely miss the wraith.
The wraith is moderately damaged.
The wraith hits you.
* * * LOW HITPOINT WARNING * * *
You hit the wraith.
The wraith is heavily damaged.
The wraith closely misses you.
You punch the wraith!
The wraith is severely damaged.
The wraith hits you.
You die...
Fedhas appreciates your contribution to the ecosystem.

.# .# ###
###'###...
#...?.....
#.........
#.........
#..((((.((
#########.........
#......@W.....#...
###.#######.#.# .
#.# .#.# #.# .# #
#.# .# #.# .# #.#
#.# #.#


You could see a wraith.

Vanquished Creatures
  3 ogres (D:4)
  2 scorpions
  2 vampire bats (D:2)
  2 jellies
  A centaur skeleton (D:4)
  An orc priest (D:3)
  An iguana (D:5)
  An orc wizard (D:3)
  A gnoll (D:4)
  3 adders
  A worm (D:2)
  3 dart slugs
  4 orcs
  9 ball pythons
  3 bats
  4 bat skeletons (D:2)
  A bat zombie (D:2)
  6 endoplasms
  3 giant cockroaches
  9 goblins
  5 hobgoblins
  7 jackals (D:3)
  3 quokkas
  4 frilled lizards
  7 kobolds
  2 rats (D:2)
88 creatures vanquished.

Notes
Turn   | Place    | Note
-------+----------+-------------------------------------------
     0 | D:1      | Lanoc the Gargoyle Arcane Marksman began the quest for the
                  | Orb.
     0 | D:1      | Reached XP level 1. HP: 12/12 MP: 2/2
   199 | D:1      | Reached XP level 2. HP: 16/16 MP: 3/3
   775 | D:1      | Reached XP level 3. HP: 19/21 MP: 4/4
   837 | D:2      | Reached skill level 3 in Bows
  1590 | D:2      | Reached XP level 4. HP: 24/26 MP: 5/5
  1664 | D:2      | Found an ancient bone altar of Kikubaaqudgha.
  1681 | D:2      | Reached skill level 4 in Bows
  1681 | D:2      | Reached XP level 5. HP: 31/32 MP: 6/6
  2503 | D:3      | Reached XP level 6. HP: 37/37 MP: 7/7
  3153 | D:4      | Reached skill level 5 in Bows
  3283 | D:4      | Reached XP level 7. HP: 42/42 MP: 8/8
  3432 | D:4      | Found a bloodstained altar of Trog.
  3748 | D:4      | Found a staircase to the Ecumenical Temple.
  3768 | Temple   | Entered the Ecumenical Temple
  3803 | Temple   | Became a worshipper of Fedhas Madash
  4299 | D:5      | Entered Level 5 of the Dungeon
  4311 | D:5      | Reached skill level 1 in Invocations
  4455 | D:5      | Reached skill level 6 in Bows
  4598 | D:5      | Noticed a wraith
  4619 | D:5      | HP: 3/66 [wraith (3)]
  4621 | D:5      | Slain by a wraith

Illustrated notes

Levels and vault maps discovered:
D:1:      dpeg_arrival_tiny_a, layout_rooms, chequers_serial_rivers_micro_e,
          minmay_cut_off
D:2:      layout_loops_cross, kennysheep_vampire_church, minmay_pentomino_pile
D:3:      layout_basic
D:4:      layout_basic, trog_antimagical, temple_hall, grunt_decor_resistance
D:5:      layout_basic, general_overflow_altar, gammafunk_ghost_smash
Temple:   eino_wide_crystal_templ

Skill      XL: |  1  2  3  4  5  6  7 |
---------------+----------------------+-----
Bows           | 3 4 5 6 |  6.1
Dodging        | 2 3 |  3.6
Fighting       | 2 3 4 |  4.4
Invocations    | 1 |  1.3
Spellcasting   | |  1.0
Hexes          | |  2.6

Action                   |  1- 3 |  4- 6 |  7- 9 || total
-------------------------+-------+-------+-------++-------
Melee: Unarmed           |       |       |     3 ||     3
 Fire: Shortbow          |   134 |   161 |    81 ||   376
  Use: Potion            |       |       |     4 ||     4
Armor: Robe              |    24 |    37 |     2 ||    63
Dodge: Dodged            |    46 |    67 |    41 ||   154

Table legend: (Time is in decaauts)
 A = Elapsed time spent in this place.
 B = Non-inter-level travel time spent in this place.
 C = Inter-level travel time spent in this place.
 D = Time resting spent in this place.
 E = Time spent auto-exploring this place.
 F = Levels seen in this place.
 G = Mean time per level.
                   A        B        C        D        E       F      G
               +--------+--------+--------+--------+--------+-----+--------+
         Total |   4660 |   4548 |    112 |      0 |   3880 |   6 |  776.7 |
       Dungeon |   4617 |   4505 |    112 |      0 |   3863 |   5 |  923.4 |
        Temple |     42 |     42 |      0 |      0 |     17 |   1 |   42.0 |
               +--------+--------+--------+--------+--------+-----+--------+

Top non-repeatable levels by time:
     D:4: 1447 daAuts
     D:2: 1212 daAuts
     D:1: 843 daAuts
     D:3: 789 daAuts
     D:5: 324 daAuts
  Temple: 42 daAuts
